 Dungeon Crawl Stone Soup version 0.30-a0-852-g08b95dd62f (webtiles) character file.

Game seed: 17076629950789513787

24549 cheesebisquit the Earth Mage (level 13, -2/75 HPs)
             Began as a Gargoyle Earth Elementalist on Mar 4, 2023.
             Was a Believer of Vehumet.
             Slain by a seven-headed hydra (6 damage)
             ... on level 1 of the Lair of Beasts.
             The game lasted 00:55:16 (16864 turns).

cheesebisquit the Earth Mage (GrEE)                Turns: 16864, Time: 00:55:16

Health: -2/75      AC: 23    Str: 12    XL:     13   Next: 13%
Magic:  28/38      EV: 13    Int: 27    God:    Vehumet [**....]
Gold:   708        SH:  0    Dex: 10    Spells: 15/37 levels left

rFire   . . .      SeeInvis .    b - +1 demon whip (venom)
rCold   . . .      Faith    .    (no shield)
rNeg    + . .      Spirit   .    g - +1 steam dragon scales
rPois   ∞          Reflect  .    n - +1 helmet
rElec   +          Rampage  .    (no cloak)
rCorr   .                        D - +2 pair of gloves
Will    .....                    e - +2 pair of boots
Stlth   ++                       (no amulet)
HPRegen 0.32/turn                j - +6 ring of intelligence
MPRegen 0.26/turn                i - ring of magical power

@: slowed, invisible, very slow
A: sickness immunity, AC +9, negative energy resistance 1, electricity
resistance, torment resistance 1, petrification resistance
a: Renounce Religion


You were on level 1 of the Lair of Beasts.
You worshipped Vehumet.
Vehumet was pleased with you.
You visited 3 branches of the dungeon, and saw 14 of its levels.

You collected 1058 gold pieces.
You spent 350 gold pieces at shops.

Inventory:

Hand Weapons
 b - a +1 demon whip of venom (weapon)
 q - a +0 flail
 L - a +0 morningstar
Missiles
 d - 2 javelins
 l - 10 poisoned darts
 p - 9 atropa-tipped darts
 x - 4 boomerangs
 F - a curare-tipped dart
Armour
 e - a +2 pair of boots (worn)
 g - +1 steam dragon scales (worn)
 n - a +1 helmet (worn)
 D - a +2 pair of gloves (worn)
Jewellery
 i - a ring of magical power (right hand)
 j - a +6 ring of intelligence (left hand)
 s - a ring of see invisible
 u - a +5 ring of evasion
 B - a +6 ring of strength
Wands
 t - a wand of charming (11)
 C - a wand of polymorph (6)
 J - a wand of flame (4)
Scrolls
 a - 3 scrolls of teleportation
 f - 4 scrolls of fog
 h - a scroll of immolation
 y - a scroll of vulnerability
 A - a scroll of fear {unknown}
 E - 2 scrolls of magic mapping
 H - a scroll of noise {unknown}
 M - a scroll of butterflies {unknown}
Potions
 c - 3 potions of might
 k - 3 potions of attraction
 m - a potion of cancellation
 o - 5 potions of curing
 r - 3 potions of lignification
 v - a potion of invisibility
 w - a potion of flight
 z - 4 potions of haste
 I - 2 potions of resistance


   Skills:
 + Level 6.3 Fighting
 + Level 5.7 Maces & Flails
 + Level 5.2 Dodging
 - Level 2.1 Stealth
 + Level 12.8 Spellcasting
 - Level 0.7 Transmutations
 + Level 16.4 Earth Magic


You had 15 spell levels left.
You knew the following spells:

 Your Spells              Type           Power      Damage    Failure   Level
a - Sandblast             Erth           100%       2d20      0%          1
b - Stone Arrow           Conj/Erth      100%       3d13      1%          3
c - Passwall              Tmut/Erth      49%        N/A       1%          2
d - Petrify               Tmut/Erth      59%        N/A       1%          4
e - Lehudib's Crystal Sp  Conj/Erth      28%        10d8      100%        8
f - Leda's Liquefaction   Hex/Erth       28%        N/A       1%          4

Your spell library contained the following spells:

 Spells                   Type           Power      Damage    Failure   Level
 Static Discharge         Conj/Air       34%        2-4/arc   4%          2
 Apportation              Tloc           34%        N/A       3%          1
 Necrotise                Necr           68%        1d7       3%          1
 Summon Small Mammal      Summ           68%        N/A       3%          1
 Poisonous Vapours        Pois/Air       34%        N/A       4%          2
 Call Canine Familiar     Summ           17%        N/A       10%         3
 Inner Flame              Hex/Fire       17%        N/A       10%         3
 Mephitic Cloud           Conj/Pois/Air  17%        N/A       10%         3
 Portal Projectile        Hex/Tloc       34%        N/A       10%         3
 Cause Fear               Hex            8%         N/A       32%         4
 Flame Wave               Conj/Fire      17%        2d7       32%         4
 Passage of Golubria      Tloc           17%        N/A       32%         4
 Sticky Flame             Conj/Fire      17%        2d4       32%         4
 Silence                  Hex/Air        8%         N/A       65%         5
 Summon Forest            Summ/Tloc      8%         N/A       65%         5
 Summon Mana Viper        Hex/Summ       17%        N/A       65%         5
 Summon Cactus Giant      Summ           8%         N/A       99%         6
 Dragon Form              Tmut           10%        N/A       100%        7
 Discord                  Hex            8%         N/A       100%        8
 Dragon's Call            Summ           8%         N/A       100%        9
 Cigotuvi's Dreadful Rot  Necr/Pois/Air  Unusable   N/A       N/A         2

Dungeon Overview and Level Annotations

Branches:
Dungeon (12/15)            Temple (1/1) D:7            Lair (1/5) D:9
    Orc (0/2) D:12

Altars:
Ashenzari
Cheibriados
Dithmenos
Elyvilon
Fedhas
Gozag
Hepliaklqana
Kikubaaqudgha
Makhleb
Nemelex Xobeh
Okawaru
Qazlal
Ru
Sif Muna
Trog
Uskayaw
Vehumet
Wu Jian
Xom
Yredelemnul
Zin
The Shining One

Shops:
D:1 =   D:3 [   D:7 *(

Portals:
Trove: D:12 (give 7 scrolls of blinking)

Annotations:
D:3 1 runed translucent door, Crazy Yiuf
D:12 2 transporters, Cetwoggev's ghost, journeyman FoFi


Innate Abilities, Weirdness & Mutations

You are immune to sickness and miasma.
Your stone body is resilient. (AC +9)
You are immune to poison.
You resist negative energy. (rN+)
You are resistant to electric shocks. (rElec)
You are resistant to unholy torment.
You are immune to petrification.


Message History

The seven-headed hydra closely misses you.
The seven-headed hydra bites you but does no damage. x2
You feel yourself speed up.
Being near the torpor snail leaves you feeling lethargic.
The seven-headed hydra bites you!
The seven-headed hydra bites you but does no damage. x3
The seven-headed hydra barely misses you.
The seven-headed hydra bites you but does no damage.
The seven-headed hydra bites you.
The stone arrow hits the seven-headed hydra!
The seven-headed hydra is heavily wounded.
The seven-headed hydra bites you but does no damage. x2
The seven-headed hydra bites you.
The seven-headed hydra barely misses you.
The seven-headed hydra closely misses you.
The seven-headed hydra bites you but does no damage.
The seven-headed hydra barely misses you.
The stone arrow hits the seven-headed hydra!
The seven-headed hydra is severely wounded.
The seven-headed hydra closely misses you.
The seven-headed hydra bites you.
The seven-headed hydra barely misses you.
The seven-headed hydra bites you but does no damage. x2
The seven-headed hydra misses you.
The seven-headed hydra bites you but does no damage.
The seven-headed hydra bites you! x2
* * * LOW HITPOINT WARNING * * *
The seven-headed hydra bites you!
* * * LOW HITPOINT WARNING * * *
The seven-headed hydra bites you but does no damage. x3
The seven-headed hydra barely misses you.
Okay, then.
You fade into invisibility!
The seven-headed hydra barely misses you.
The seven-headed hydra closely misses you.
The seven-headed hydra bites you but does no damage. x3
The seven-headed hydra bites you!
* * * LOW HITPOINT WARNING * * *
The seven-headed hydra bites you.
You die...

##..##.§##..##≈...# ..
#..##≈..≈##..#...~#...
#..#..##..#..#.~~.# ..
#..#≈..>.≈#.^#≈...# ..
#..#≈?$P)≈#..#~...##..
#.^#..##(.#..#.~~.#...
#..##≈Y.≈##..#...≈##..
##..##Dw##...#~^..##..
##^.@###..##..~.###..
##......##....##.#..
###..###~..#.#.....
####...###.......
...###......#..
####.......?#..
........†.#..
.............
.............


You could see a seven-headed hydra (unable to see you), a torpor snail (unable
to see you) and a yak (unable to see you).

Vanquished Creatures
  Gastronok (D:9)
  Kirke (D:12)
  Snorg (D:11)
  Erica (D:8)
  A two-headed ogre (D:10)
  3 skeletal warriors (D:12)
  Amaemon (D:9)
  Pikel (D:7)
  A deep elf pyromancer (D:12)
  2 cyclopes
  An elephant (D:9)
  3 ugly things
  Maurice (D:9)
  An orange demon (D:9)
  2 unseen horrors
  Psyche (D:9)
  2 kobold demonologists (D:10)
  2 trolls
  4 komodo dragons (Lair:1)
  A polar bear (Lair:1)
  Prince Ribbit (D:7)
  5 blink frogs (Lair:1)
  A shadow (D:10)
  2 wyverns
  24 yaks
  2 vampires
  5 basilisks
  2 humans (D:7)
  3 hogs (D:12)
  A steam dragon (D:7)
  Grum (D:9)
  4 vampire mosquitoes (D:12)
  Menkaure (D:7)
  A water moccasin (Lair:1)
  2 ice beasts
  3 orc warriors
  3 sky beasts
  3 black bears
  7 wolves
  A centaur (D:10)
  2 ogres
  3 phantoms
  A kobold brigand (D:9)
  6 bullfrogs
  A scorpion (D:4)
  A gnoll sergeant (D:11)
  3 wights (D:7)
  3 killer bees (D:8)
  4 howler monkeys
  4 orc priests
  A jelly (D:3)
  5 hounds
  2 sleepcaps (D:6)
  4 iguanas
  13 orc wizards
  4 adders
  8 gnolls
  A shadow imp (D:7)
  A white imp (D:6)
  2 ufetubi (D:6)
  2 worms (D:2)
  A dart slug (D:3)
  37 orcs
  4 ball pythons
  9 endoplasms
  7 giant cockroaches
  7 goblins
  4 hobgoblins
  15 kobolds
  4 quokkas
  5 bats
  3 frilled lizards
  7 rats
  A rat zombie (D:6)
278 creatures vanquished.

Vanquished Creatures (others)
  5 plants
5 creatures vanquished.

Grand Total: 283 creatures vanquished

Notes
Turn   | Place    | Note
-------+----------+-------------------------------------------
     0 | D:1      | cheesebisquit the Gargoyle Earth Elementalist began the
                  | quest for the Orb.
     0 | D:1      | Reached XP level 1. HP: 10/10 MP: 3/3
    61 | D:1      | Found Dioxadan's Jewellery Shop.
   112 | D:1      | Reached XP level 2. HP: 12/15 MP: 0/5
   129 | D:1      | Reached skill level 4 in Earth Magic
   491 | D:1      | Reached XP level 3. HP: 19/19 MP: 4/6
  1012 | D:2      | Found a faded altar of an unknown god.
  1028 | D:2      | Found a glowing silver altar of Zin.
  1268 | D:2      | Reached XP level 4. HP: 24/24 MP: 6/8
  1581 | D:2      | Learned a level 3 spell: Stone Arrow
  1623 | D:3      | Learned a level 2 spell: Passwall
  1644 | D:3      | Found Quclaq's Armour Shoppe.
  1682 | D:3      | Reached skill level 5 in Earth Magic
  1723 | D:3      | Found an ornate altar of the Wu Jian Council.
  2059 | D:2      | Reached XP level 5. HP: 28/28 MP: 5/10
  2466 | D:3      | Found a shadowy altar of Dithmenos.
  2466 | D:3      | Found a snail-covered altar of Cheibriados.
  2636 | D:3      | Found a runed translucent door.
  2637 | D:3      | Noticed Crazy Yiuf
  2890 | D:4      | Learned a level 4 spell: Petrify
  2905 | D:4      | Found a hazy altar of Hepliaklqana.
  3057 | D:4      | Found a burning altar of Makhleb.
  3243 | D:3      | Reached skill level 6 in Earth Magic
  3271 | D:3      | Reached XP level 6. HP: 32/32 MP: 10/12
  3832 | D:4      | Noticed an ice beast
  3836 | D:4      | Killed an ice beast
  3837 | D:4      | Reached skill level 5 in Spellcasting
  3837 | D:4      | Reached skill level 7 in Earth Magic
  3837 | D:4      | Reached XP level 7. HP: 36/36 MP: 10/14
  4049 | D:5      | Entered Level 5 of the Dungeon
  4408 | D:5      | Found a white marble altar of Elyvilon.
  4429 | D:5      | Found a glowing silver altar of Zin.
  4487 | D:5      | Reached skill level 8 in Earth Magic
  4618 | D:5      | Reached XP level 8. HP: 41/41 MP: 13/17
  4866 | D:1      | Bought a ring of magical power for 200 gold pieces
  4866 | D:1      | Bought a ring of see invisible for 150 gold pieces
  5346 | D:5      | Found a blossoming altar of Fedhas.
  5870 | D:6      | Reached skill level 9 in Earth Magic
  6736 | D:7      | Reached skill level 10 in Earth Magic
  6928 | D:7      | Reached XP level 9. HP: 45/45 MP: 20/20
  7101 | D:7      | Found Amosunwa's Weapon Shoppe.
  7164 | D:7      | Noticed Pikel
  7190 | D:7      | Killed Pikel
  7191 | D:7      | Reached skill level 11 in Earth Magic
  7325 | D:7      | Found a stormy altar of Qazlal.
  7552 | D:7      | Noticed Prince Ribbit
  7554 | D:7      | Killed Prince Ribbit
  7623 | D:7      | Found an iron altar of Okawaru.
  7666 | D:7      | Learned a level 8 spell: Lehudib's Crystal Spear
  7673 | D:7      | Found Giptaof's Lightly-Used Armoury.
  7674 | D:7      | Noticed Menkaure
  7680 | D:7      | Killed Menkaure
  7817 | D:7      | Reached skill level 12 in Earth Magic
  7966 | D:7      | Found a staircase to the Ecumenical Temple.
  7975 | Temple   | Entered the Ecumenical Temple
  8041 | Temple   | Became a worshipper of Vehumet
  8269 | D:8      | Reached XP level 10. HP: 50/50 MP: 23/23
  8523 | D:8      | Noticed Erica
  8527 | D:8      | Killed Erica
  8741 | D:8      | Found a glowing golden altar of the Shining One.
  9639 | D:9      | Found a staircase to the Lair.
  9639 | D:9      | Noticed an elephant
  9695 | D:9      | Noticed Maurice
  9701 | D:9      | Killed Maurice
  9702 | D:9      | Reached skill level 10 in Spellcasting
  9702 | D:9      | Reached skill level 13 in Earth Magic
  9773 | D:9      | Noticed Psyche
  9780 | D:9      | Killed Psyche
  9970 | D:9      | Noticed Gastronok
  9979 | D:9      | Killed Gastronok
 10135 | D:9      | Reached skill level 14 in Earth Magic
 10135 | D:9      | Reached * piety under Vehumet
 10135 | D:9      | Offered knowledge of Foxfire by Vehumet.
 10136 | D:9      | Reached XP level 11. HP: 54/54 MP: 22/25
 10146 | D:9      | Learned a level 4 spell: Leda's Liquefaction
 10346 | D:9      | Noticed Amaemon
 10350 | D:9      | Noticed Grum
 10361 | D:9      | Killed Grum
 10371 | D:9      | Killed Amaemon
 10496 | D:9      | Found a bloodstained altar of Trog.
 10891 | D:10     | Entered Level 10 of the Dungeon
 11403 | D:10     | Reached skill level 15 in Earth Magic
 11527 | D:10     | Found a broken altar of Ashenzari.
 11782 | D:10     | Noticed a two-headed ogre
 11794 | D:10     | Killed a two-headed ogre
 11795 | D:10     | Reached skill level 1 in Fighting
 11795 | D:10     | Reached skill level 1 in Maces & Flails
 12142 | D:11     | Noticed a red ugly thing
 12150 | D:11     | Killed a red ugly thing
 12465 | D:11     | Noticed a cyclops
 12490 | D:11     | Killed a cyclops
 12801 | D:11     | Reached ** piety under Vehumet
 12801 | D:11     | Offered knowledge of Static Discharge by Vehumet.
 13018 | D:11     | Noticed Snorg
 13024 | D:11     | Killed Snorg
 13498 | D:11     | Reached XP level 12. HP: 57/64 MP: 21/28
 13763 | D:12     | Found a portal to a secret trove of treasure.
 14529 | D:12     | Found a staircase to the Orcish Mines.
 14548 | D:12     | Found a transporter.
 14556 | D:12     | Noticed a tengu warrior
 14561 | D:12     | Noticed a two-headed ogre
 14620 | D:12     | Noticed Kirke
 14884 | D:12     | Killed Kirke
 14885 | D:12     | Reached skill level 5 in Fighting
 15156 | D:12     | Found a transporter.
 15164 | D:12     | Found a bloodstained altar of Trog.
 15165 | D:12     | Noticed a two-headed ogre
 15174 | D:12     | Noticed a tengu warrior
 15174 | D:12     | Noticed Cetwoggev's ghost (journeyman FoFi)
 15303 | D:12     | Reached skill level 16 in Earth Magic
 15614 | Lair:1   | Entered Level 1 of the Lair of Beasts
 15699 | Lair:1   | Reached skill level 5 in Maces & Flails
 16289 | Lair:1   | Reached XP level 13. HP: 74/74 MP: 24/29
 16435 | Lair:1   | Reached skill level 5 in Dodging
 16864 | Lair:1   | Slain by a seven-headed hydra

Illustrated notes

Levels and vault maps discovered:
D:1:      lemuel_arrival_tunnels, layout_rooms, serial_shops, shop
D:2:      layout_loops_ring, ebering_ecumenical_altar_sacrificial, basic_altar
D:3:      layout_rooms, pdpol_wu_jian_five_deadly_venoms,
          amethyst_overflow_temple_binary, serial_shops, shop,
          uniq_crazy_yiuf_cottage
D:4:      layout_rooms, lemuel_coloured_pillars_altar, general_overflow_altar
D:5:      layout_rooms, amcnicky_altar_gilded, lemuel_tele_altar,
          kennysheep_little_box, st_stairs_8, kennysheep_crisscross,
          roderic_roman_lattice
D:6:      layout_loops_cross, enter_ossuary_3
D:7:      layout_basic, lemuel_doored_altar, okawaru_humans, temple_hall,
          serial_shops, nicolae_shop_crystal, nrook_campfire,
          minmay_shop_damaged, due_unseen_surprise, uniq_prince_ribbit1,
          uniq_menkaure, uniq_pikel
D:8:      layout_rooms, nicolae_tso_carved_into_rock, uniq_erica
D:9:      layout_roguey, nicolae_overflow_crystal_walls, david_lair_generic,
          minmay_misc_feat_rows, minivault_25, uniq_maurice, uniq_gastronok,
          uniq_grum, uniq_amaemon, uniq_psyche
D:10:     layout_irregular_city, mainiacjoe_overflow_alcove_4
D:11:     layout_rooms, minmay_misc_feat_iff, uniq_snorg
D:12:     layout_basic, orc_0_dummy, gammafunk_ghost_wrathful_warriors,
          enter_trove_1, uniq_kirke
Temple:   grunt_temple_mini_profane
Lair:1:   layout_gridlike, st_stairs_6, nicolae_quartered_pool_medium,
          nzn_random_ring, infiniplex_staircase_pool_2

Skill      XL: |  1  2  3  4  5  6  7  8  9 10 11 12 13 |
---------------+----------------------------------------+-----
Earth Magic    | 4 5 6 7 8 10 12 14 15 16 | 16.4
Spellcasting   | 3 4 5 6 7 9 10 12 | 12.8
Fighting       | 3 5 6 |  6.3
Maces & Flails | 2 5 |  5.7
Dodging        | 3 4 5 |  5.2
Stealth        | |  2.1
Transmutations | |  0.7

Action                     |  1- 3 |  4- 6 |  7- 9 | 10-12 | 13-15 || total
---------------------------+-------+-------+-------+-------+-------++-------
  Melee: Unarmed           |     6 |       |       |       |       ||     6
         Punch             |     1 |       |       |       |       ||     1
         Club              |     4 |     3 |       |       |       ||     7
         Demon whip        |       |       |       |    11 |    23 ||    34
  Throw: Dart              |       |       |       |    11 |       ||    11
   Cast: Sandblast         |    52 |    80 |    27 |       |       ||   159
         Stone Arrow       |       |       |    87 |   317 |    40 ||   444
         Leda's Liquefacti |       |       |       |     3 |       ||     3
         Petrify           |       |       |       |     2 |       ||     2
    Use: Potion            |       |     1 |       |     2 |     1 ||     4
         Scroll            |       |       |    12 |    10 |     3 ||    25
 Armour: Robe              |     7 |    25 |     6 |       |       ||    38
         Steam dragon scal |       |       |       |    82 |    48 ||   130
  Dodge: Dodged            |    19 |    40 |    10 |    52 |    55 ||   176

Table legend: (Time is in decaauts)
 A = Elapsed time spent in this place.
 B = Non-inter-level travel time spent in this place.
 C = Inter-level travel time spent in this place.
 D = Time resting spent in this place.
 E = Time spent auto-exploring this place.
 F = Levels seen in this place.
 G = Mean time per level.
                   A        B        C        D        E       F      G
               +--------+--------+--------+--------+--------+-----+--------+
         Total |  16940 |  15837 |   1103 |   3222 |  10556 |  14 | 1210.0 |
       Dungeon |  15594 |  14515 |   1079 |   2785 |   9887 |  12 | 1299.5 |
        Temple |    212 |    189 |     23 |      0 |    183 |   1 |  212.0 |
          Lair |   1133 |   1133 |      0 |    437 |    486 |   1 | 1133.0 |
               +--------+--------+--------+--------+--------+-----+--------+

Top non-repeatable levels by time:
    D:12: 1905 daAuts
     D:9: 1728 daAuts
    D:11: 1535 daAuts
     D:3: 1322 daAuts
     D:6: 1250 daAuts
    D:10: 1227 daAuts
     D:2: 1222 daAuts
     D:5: 1205 daAuts
     D:7: 1201 daAuts
  Lair:1: 1133 daAuts
     D:8: 1075 daAuts
     D:4: 1035 daAuts
     D:1: 884 daAuts
  Temple: 212 daAuts
